 Dungeon Crawl Stone Soup version 0.28-a0-1286-g6bde065e89 (webtiles) character file.

Game seed: 13996195264542332339

46 browni3141 the Sneak (level 3, -3/21 HPs)
             Began as a Kobold Brigand on Dec 26, 2021.
             Slain by a gnoll (8 damage)
             ... on level 2 of the Dungeon.
             The game lasted 00:01:56 (1492 turns).

browni3141 the Sneak (Kobold Brigand)               Turns: 1492, Time: 00:01:56

Health: -3/21      AC:  3    Str:  8    XL:     3   Next: 92%
Magic:  3/3        EV: 14    Int: 12    God:
Gold:   105        SH:  0    Dex: 18    Spells: 2/2 levels left

rFire   . . .      SeeInvis .   b - +1 dagger (elec)
rCold   . . .      Faith    .   (shield restricted)
rNeg    . . .      Spirit   .   h - +0 robe
rPois   .          Reflect  .   (no helmet)
rElec   .          Harm     .   c - +0 cloak
rCorr   .          Rampage  .   (no gloves)
Will    .....                   (no boots)
Stlth   +++++.....              (no amulet)
HPRegen 0.07/turn               (no ring)
MPRegen 0.08/turn               (no ring)

@: no status effects
A: small, no large weapons, nightstalker 3
a: no special abilities


You were on level 2 of the Dungeon.
You visited 1 branch of the dungeon, and saw 2 of its levels.

You collected 105 gold pieces.

Inventory:

Hand Weapons
 a - a +4 dagger
 b - a +1 dagger of electrocution (weapon)
 g - a +2 dagger
Missiles
 d - 8 poisoned darts (quivered)
 e - 2 curare-tipped darts
Armour
 c - a +0 cloak (worn)
 h - a +0 robe (worn)
Scrolls
 f - a scroll of magic mapping {unknown}
 i - a scroll of amnesia {unknown}
 j - a scroll of vulnerability {unknown}
 l - a scroll of fear {unknown}
Potions
 k - a potion of magic {unknown}


   Skills:
 - Level 2.1 Fighting
 - Level 2.6 Short Blades
 - Level 2.1 Throwing
 - Level 1.2 Dodging
 * Level 7.3 Stealth


You had 2 spell levels left.
You didn't know any spells.
Your spell library was empty.

Dungeon Overview and Level Annotations

Branches:
Dungeon (2/15)

Altars:


Innate Abilities, Weirdness & Mutations

You are small and have problems with some larger weapons.
You are completely attuned to the shadows.


Message History

The adder barely misses you.
You hit the adder. Lightning courses through the adder!
You kill the adder!
You see here an adder corpse.
A ball python comes into view.
A ball python comes into view.
The helpless ball python fails to defend itself.
You spit the ball python like a pig!!!
Lightning courses through the ball python!
You kill the ball python!
You hit the ball python but do no damage.
The ball python completely misses you. The ball python misses you.
You hit the ball python.
The ball python is heavily wounded.
The ball python bites you but does no damage.
The ball python grabs you. The ball python constricts you.
You hit the ball python.
The ball python is severely wounded.
The ball python bites you. The ball python constricts you.
You barely miss the ball python.
The ball python is severely wounded.
The ball python barely misses you. The ball python constricts you.
You closely miss the ball python.
The ball python is severely wounded.
The ball python bites you but does no damage.
The ball python constricts you.
You hit the ball python.
You kill the ball python!
A gnoll comes into view.
It is wielding a +2 flail of holy wrath.
Found a stone staircase leading up.
No target in view! 3 gnolls come into view.
A gnoll is wielding a +0 spear and carrying a wand of flame (14).
The gnoll hits you with a +0 spear.
You barely miss the gnoll.
The gnoll zaps a wand.
The puff of flame hits you!
* * * LOW HITPOINT WARNING * * *
The gnoll hits you but does no damage.
There is a stone staircase leading up here.
The gnoll hits you with a +2 flail of holy wrath!
You die...

.. ...#
#######...#
.g.........
..g.g.....#
######g####.
#.g...†...
#@###.###
#####.#####
..........
.####.####
#.....#
#.....##
#......#
#....#.##
#...†#..#


You could see 2 gnolls.

Vanquished Creatures
  An adder (D:2)
  A worm (D:2)
  6 endoplasms (D:1)
  2 hobgoblins (D:1)
  2 kobolds (D:1)
  2 quokkas
  7 ball pythons
  4 bats
  2 frilled lizards (D:1)
  2 goblins (D:1)
  4 rats (D:1)
33 creatures vanquished.

Vanquished Creatures (others)
  2 plants (D:1)
2 creatures vanquished.

Grand Total: 35 creatures vanquished

Notes
Turn   | Place    | Note
-------+----------+-------------------------------------------
     0 | D:1      | browni3141 the Kobold Brigand began the quest for the Orb.
     0 | D:1      | Reached XP level 1. HP: 12/12 MP: 1/1
   264 | D:1      | Reached XP level 2. HP: 17/17 MP: 2/2
   274 | D:1      | Reached skill level 6 in Stealth
   503 | D:1      | Reached XP level 3. HP: 13/21 MP: 3/3
  1364 | D:2      | Reached skill level 7 in Stealth
  1492 | D:2      | Slain by a gnoll

Illustrated notes

Levels and vault maps discovered:
D:1:      nzn_arrival_depleted_hourglass, layout_basic, serial_bayou,
          serial_bayou_shore_b, serial_bayou_crossing, serial_bayou_shore_b,
          serial_bayou_pond_b, serial_bayou_lagoon_a
D:2:      layout_basic, basic_altar, wad_floor_pattern_untrapped,
          uniq_crazy_yiuf_cottage, uniq_jessica

Skill      XL: |  1  2  3 |
---------------+----------+-----
Stealth        | 6 7 |  7.3
Fighting       | |  2.1
Short Blades   | |  2.6
Throwing       | |  2.1
Dodging        | |  1.2

Action                   || total
-------------------------++-------
Melee: Dagger            ||    62
 Stab: Sleeping          ||    17
Armor: Robe              ||    13
Dodge: Dodged            ||    30

Table legend: (Time is in decaauts)
 A = Elapsed time spent in this place.
 B = Non-inter-level travel time spent in this place.
 C = Inter-level travel time spent in this place.
 D = Time resting spent in this place.
 E = Time spent auto-exploring this place.
 F = Levels seen in this place.
 G = Mean time per level.
                   A        B        C        D        E       F      G
               +--------+--------+--------+--------+--------+-----+--------+
         Total |   1510 |   1489 |     21 |      0 |   1282 |   2 |  755.0 |
       Dungeon |   1510 |   1489 |     21 |      0 |   1282 |   2 |  755.0 |
               +--------+--------+--------+--------+--------+-----+--------+

Top non-repeatable levels by time:
     D:1: 1330 daAuts
     D:2: 179 daAuts
